 Dungeon Crawl Stone Soup version 0.29-a0-1027-gcd8c55af63 (webtiles) character file.

Game seed: 14556955828429367710

17833 Conn the Thaumaturge (level 12, 0/70 HPs)
             Began as an Octopode Fire Elementalist on Aug 13, 2022.
             Was an Elder of Sif Muna.
             Slain by an earth elemental (25 damage)
             ... in a volcano.
             The game lasted 00:41:42 (15850 turns).

Conn the Thaumaturge (Octopode Fire Elementalist)  Turns: 15850, Time: 00:41:43

Health: 0/70       AC:  3    Str: 10    XL:     12   Next: 52%
Magic:  0/35       EV: 14    Int: 19    God:    Sif Muna [****..]
Gold:   872        SH:  0    Dex: 17    Spells: 3/32 levels left

rFire   + . .      SeeInvis +   a - staff of fire
rCold   + + .      Faith    .   i - orb {*channel}
rNeg    + . .      Spirit   +   (helmet restricted)
rPois   .          Reflect  .   S - amulet of guardian spirit
rElec   .          Harm     .   m - ring of see invisible
rCorr   .          Rampage  .   B - ring of wizardry
Will    .....                   E - ring of protection from cold
Stlth   ++++......              u - ring "Yrablax" {MP+9 Str+4}
HPRegen 0.21/turn               v - ring of positive energy
MPRegen 0.24/turn               O - ring of protection from cold
                                (no ring)
                                (no ring)

@: channelling
A: almost no armour, amphibious, 8 rings, camouflage 1, gelatinous body 1,
(nimble swimmer 1), tentacles, iridescent scales 1, agile 1, dopey 1
a: Renounce Religion, Channel Magic, Forget Spell, Divine Exegesis


You were in a volcano.
You worshipped Sif Muna.
Sif Muna was greatly pleased with you.
You visited 3 branches of the dungeon, and saw 13 of its levels.
You also visited: Sewer and Volcano.

You collected 872 gold pieces.

Inventory:

Hand Weapons
 b - the +4 dagger "Weqaconk" {flame, Contam rPois Int+3 SInv}
   (You found it on level 7 of the Dungeon)

   It burns those it strikes, dealing additional fire damage.
   Int:       It affects your intelligence (+3).
   rPois:     It protects you from poison.
   SInv:      It lets you see invisible.
   Contam:    It causes magical contamination when unequipped.
 h - a +0 dagger
 q - a +0 sling
 w - a +4 vorpal hand axe
 H - a +2 vorpal shortbow
Missiles
 f - 3 curare-tipped darts (quivered)
 F - 5 throwing nets
Armour
 i - an orb of energy (worn)
Magical Staves
 a - a staff of fire (weapon)
Jewellery
 m - a ring of see invisible (left tentacle)
 u - the ring "Yrablax" (on tentacle) {MP+9 Str+4}
   (You acquired it on level 8 of the Dungeon)

   [ring of magical power]

   Str:       It affects your strength (+4).
   MP:        It affects your magic capacity (+9).
 v - a ring of positive energy (on tentacle)
 B - a ring of wizardry (right tentacle)
 E - a ring of protection from cold (on tentacle)
 O - a ring of protection from cold (on tentacle)
 S - an amulet of guardian spirit (around mantle)
Wands
 e - a wand of iceblast (2)
 t - a wand of light (6)
 x - a wand of flame (30)
 G - a wand of polymorph (25)
 K - a wand of charming (14)
Scrolls
 g - 2 scrolls of butterflies
 n - 3 scrolls of blinking
 r - a scroll of immolation
 y - 2 scrolls of poison
 z - 11 scrolls of teleportation
 J - a scroll of enchant armour
 M - a scroll of identify
 P - a scroll of vulnerability
 Q - a scroll of magic mapping
 T - a scroll of fear
Potions
 c - 3 potions of might
 d - a potion of attraction
 j - 2 potions of haste
 k - a potion of cancellation
 l - a potion of heal wounds
 o - a potion of brilliance
 p - a potion of berserk rage
 s - a potion of invisibility
 A - a potion of lignification
 C - 2 potions of curing
 D - a potion of ambrosia
 I - 2 potions of resistance
 N - a potion of mutation
 R - 2 potions of magic
Miscellaneous
 L - a box of beasts (inert)


   Skills:
 + Level 2.0 Fighting
 + Level 0.5 Short Blades
 + Level 1.0 Axes
 + Level 2.7 Dodging
 + Level 4.4 Stealth
 + Level 10.6 Spellcasting
 * Level 9.0 Conjurations
 + Level 2.2 Hexes
 + Level 3.2 Summonings
 + Level 5.3 Translocations
 + Level 9.9 Fire Magic
 * Level 7.8 Invocations
 + Level 1.1 Evocations


You had 3 spell levels left.
You knew the following spells:

 Your Spells              Type           Power      Damage    Failure   Level
a - Foxfire               Conj/Fire      100%       2x1d9     1%          1
b - Conjure Flame         Conj/Fire      62%        6-21      1%          3
c - Inner Flame           Hex/Fire       49%        N/A       1%          3
d - Flame Wave            Conj/Fire      62%        2d14      1%          4
e - Scorch                Fire           100%       2d10      1%          2
f - Iskenderun's Mystic   Conj/Tloc      37%        2d9       1%          4
g - Summon Small Mammal   Summ           88%        N/A       1%          1
h - Starburst             Conj/Fire      31%        6d9       9%          6
i - Fireball              Conj/Fire      31%        3d13      1%          5

Your spell library contained the following spells:

 Spells                   Type           Power      Damage    Failure   Level
 Apportation              Tloc           60%        N/A       1%          1
 Dazzling Flash           Conj/Hex       62%        N/A       1%          3
 Stone Arrow              Conj/Erth      54%        3d10      1%          3
 Necrotise                Necr           40%        1d6       2%          1
 Call Canine Familiar     Summ           22%        N/A       2%          3
 Summon Guardian Golem    Hex/Summ       20%        N/A       2%          3
 Irradiate                Conj/Tmut      13%        3d16      12%         5
 Summon Forest            Summ/Tloc      13%        N/A       13%         5
 Summon Mana Viper        Hex/Summ       20%        N/A       24%         5
 Summon Cactus Giant      Summ           11%        N/A       69%         6
 Ignition                 Fire           32%        3d10      95%         8
 Fire Storm               Conj/Fire      31%        8d8       100%        9


Dungeon Overview and Level Annotations

Branches:
Dungeon (10/15)            Temple (1/1) D:5            Lair (2/5) D:8
    Orc (0/2) D:9           Sewer (visited)         Volcano (1/1)
  Swamp: Lair:2-3    Shoals: Lair:2-3     Snake: Lair:2-3    Spider: Lair:2-3

Altars:
Ashenzari
Cheibriados
Dithmenos
Elyvilon
Fedhas
Gozag
Hepliaklqana
Kikubaaqudgha
Makhleb
Nemelex Xobeh
Okawaru
Qazlal
Ru
Sif Muna
Trog
Uskayaw
Vehumet
Xom
Yredelemnul
Zin
The Shining One
Jiyva
Lugonu

Shops:
D:6 (   D:8 (

Portals:
Abyss: Lair:1

Annotations:
D:9 Joseph
Temple 2 transporters


Innate Abilities, Weirdness & Mutations

You cannot wear most types of armour.
You are amphibious.
You can wear up to eight rings at the same time.
Your skin changes colour to match your surroundings (Stealth+).
Your rubbery body absorbs attacks. (AC +1, EV +1)
((You are camouflaged when in or above water. (Stealth+)))
You have tentacles for arms and can constrict up to eight enemies at once.
You are partially covered in iridescent scales. (AC +2)
You are agile. (Dex +4, Str/Int -1)
You are dopey. (Int -2)


Message History

Confirm with . or Enter, or press ? or * to list all spells.
You erupt in a blast of force!
The mystic blast hits the earth elemental.
The earth elemental is heavily damaged.
Unknown command.
Casting: Iskenderun's Mystic Blast (dangerous; 1% risk of failure)
Confirm with . or Enter, or press ? or * to list all spells.
You erupt in a blast of force!
The mystic blast hits the earth elemental.
The earth elemental is severely damaged.
The earth elemental is knocked back by the mystic blast.
Unknown command.
Casting: Iskenderun's Mystic Blast (dangerous; 1% risk of failure)
Confirm with . or Enter, or press ? or * to list all spells.
You erupt in a blast of force!
The mystic blast hits the earth elemental.
The earth elemental is severely damaged.
Unknown command.
Casting: Iskenderun's Mystic Blast (dangerous; 1% risk of failure)
Confirm with . or Enter, or press ? or * to list all spells.
You don't have enough magic to cast this spell.
You hit the earth elemental but do no damage.
The earth elemental is severely damaged.
The earth elemental hits you!
You barely miss the earth elemental.
The earth elemental is severely damaged.
You hit the earth elemental but do no damage.
You squeeze the earth elemental, but do no damage.
The earth elemental is severely damaged.
The earth elemental hits you!!!
Ouch! That really hurt!
You hit the earth elemental but do no damage.
You tentacle-slap the earth elemental.
You squeeze the earth elemental, but do no damage.
The earth elemental is almost destroyed.
The earth elemental hits you!
* * * LOW HITPOINT WARNING * * *
You feel better. The earth elemental hits you!!
You die...

##○≈°###...☼##
#.≈≈R.#....☼○#
§≈§≈○§+..∩.E≈#
≈°≈≈##..≈≈≈#
####
≈☼≈≈##..≈≈≈#
#'.###
###..≈≈≈#
≈≈kk≈§.##.##
##+..∩.≈≈#
≈≈≈≈≈≈.
##.###.#....○○#
.≈≈§§.#
##)E@###...≈##
.§≈§§. ##.##
##.### #.≈≈.#
### ### #.≈≈.
##..#


You could see an earth elemental.

Vanquished Creatures
  A hydra (D:9)
  Harold (D:9)
  2 centaur warriors (D:9)
  The ghost of Locuples the Cleaver, a novice MiFi of Sif Muna (D:6)
  A wizard (D:10)
  An oklob plant (Lair:1)
  A cyclops (D:9)
  A manticore (D:9)
  Maurice (D:9)
  2 molten gargoyles (Volcano)
  A gargoyle (D:10)
  A kobold demonologist (D:9)
  A cane toad (Lair:1)
  An efreet (Volcano)
  2 komodo dragons
  An unseen horror skeleton (D:6)
  2 trolls
  4 blink frogs (Lair:1)
  2 shadows (D:9)
  9 yaks
  A wyvern (D:9)
  2 wraiths
  2 steam dragons
  An unseen horror simulacrum (D:9)
  5 water moccasins
  2 orc warriors
  4 black bears
  2 ice beasts (D:6)
  3 sky beasts
  4 centaurs
  15 wolves
  A phantom (D:4)
  2 kobold brigands
  A gnoll sergeant (D:8)
  4 necrophages
  6 bullfrogs
  A wyvern zombie (D:7)
  3 scorpions
  An earth elemental (Volcano)
  9 wights (D:7)
  19 killer bees
  An electric eel (D:7)
  2 centaur zombies (D:7)
  A human zombie (D:7)
  9 jellies
  5 orc priests
  3 hounds
  A centaur skeleton (D:6)
  2 iguanas
  12 orc wizards
  A howler monkey zombie (D:7)
  9 gnolls
  9 adders
  3 white imps
  2 howler monkey simulacra (D:6)
  4 worms
  2 dart slugs
  45 orcs
  4 bats
  15 endoplasms
  10 giant cockroaches
  2 goblins (D:2)
  8 hobgoblins
  3 jackals (D:1)
  16 kobolds
  6 quokkas
  4 ball pythons
  5 frilled lizards
  11 rats
  4 bushes (Lair:1)
  A lurking horror (Lair:1)
324 creatures vanquished.

Vanquished Creatures (collateral kills)
  43 foxfires (Lair:1)
43 creatures vanquished.

Vanquished Creatures (others)
  An orc wizard (D:8)
  1158 foxfires
  6 fungi (Lair:1)
  A lurking horror (Lair:1)
  3 plants
1169 creatures vanquished.

Grand Total: 1536 creatures vanquished

Notes
Turn   | Place    | Note
-------+----------+-------------------------------------------
     0 | D:1      | Conn the Octopode Fire Elementalist began the quest for the
                  | Orb.
     0 | D:1      | Reached XP level 1. HP: 11/11 MP: 3/3
   439 | D:1      | Reached XP level 2. HP: 17/17 MP: 0/5
   875 | D:1      | Reached XP level 3. HP: 17/21 MP: 0/6
  1585 | D:2      | Found a faded altar of an unknown god.
  1675 | D:1      | Learned a level 2 spell: Scorch
  1679 | D:1      | Learned a level 3 spell: Conjure Flame
  1885 | D:3      | Reached XP level 4. HP: 27/27 MP: 3/8
  2445 | D:3      | Found a blossoming altar of Fedhas.
  2543 | D:4      | Noticed a necrophage
  2550 | D:4      | Killed a necrophage
  2551 | D:4      | Reached skill level 3 in Spellcasting
  2551 | D:4      | Reached XP level 5. HP: 31/31 MP: 1/9
  2887 | D:4      | Noticed a phantom
  3072 | D:4      | Killed a phantom
  3073 | D:4      | Reached skill level 1 in Axes
  3073 | D:4      | Reached skill level 4 in Spellcasting
  3073 | D:4      | Reached XP level 6. HP: 35/37 MP: 4/12
  3467 | D:5      | Entered Level 5 of the Dungeon
  3496 | D:5      | Learned a level 3 spell: Inner Flame
  3501 | D:5      | Learned a level 4 spell: Flame Wave
  3580 | D:5      | Found a staircase to the Ecumenical Temple.
  3589 | Temple   | Entered the Ecumenical Temple
  3589 | Temple   | Found a transporter.
  3589 | Temple   | Found a transporter.
  3591 | Temple   | Found a transporter.
  3591 | Temple   | Found a transporter.
  3602 | Temple   | Became a worshipper of Sif Muna the Loreminder
  3697 | D:5      | Found a glowing drain.
  3737 | Sewer    | Entered a sewer
  4111 | Sewer    | Reached * piety under Sif Muna
  4157 | Sewer    | Found a viscous altar of Jiyva.
  4232 | Sewer    | Reached XP level 7. HP: 42/42 MP: 8/13
  4677 | D:5      | Reached skill level 5 in Spellcasting
  4904 | D:5      | Noticed a steam dragon
  4923 | D:5      | Gained mutation: You are dopey. (Int -2) [potion of
                  | mutation]
  4923 | D:5      | Gained mutation: You are clumsy. (Dex -2) [potion of
                  | mutation]
  4923 | D:5      | Gained mutation: You have hidden genetic defects. [potion
                  | of mutation]
  4924 | D:5      | Lost mutation: You are dopey. (Int -2) [potion of mutation]
  4924 | D:5      | Lost mutation: You have hidden genetic defects. [potion of
                  | mutation]
  4924 | D:5      | Gained mutation: You are somewhat resistant to further
                  | mutation. [potion of mutation]
  4924 | D:5      | Gained mutation: Your skin blends seamlessly with your
                  | surroundings (Stealth++). [potion of mutation]
  5183 | D:5      | Killed a steam dragon
  5676 | D:6      | Reached XP level 8. HP: 44/47 MP: 6/16
  5680 | D:6      | Reached skill level 5 in Fire Magic
  5783 | D:7      | Reached skill level 6 in Spellcasting
  5843 | D:7      | Identified the +4 dagger "Weqaconk" {flame, Contam rPois
                  | Int+3 SInv}
  6111 | D:6      | Found a bloodstained altar of Trog.
  6111 | D:6      | Found a sparkling altar of Nemelex Xobeh.
  6111 | D:6      | Found a snail-covered altar of Cheibriados.
  6115 | D:6      | Found a radiant altar of Vehumet.
  6115 | D:6      | Found a broken altar of Ashenzari.
  6116 | D:6      | Found a glowing golden altar of the Shining One.
  6134 | D:6      | Found Mecs's Weapon Shoppe.
  6225 | D:6      | Lost mutation: You are somewhat resistant to further
                  | mutation. [potion of mutation]
  6225 | D:6      | Lost mutation: Your skin blends seamlessly with your
                  | surroundings (Stealth++). [potion of mutation]
  6225 | D:6      | Lost mutation: You are clumsy. (Dex -2) [potion of
                  | mutation]
  6225 | D:6      | Gained mutation: You are agile. (Dex +4, Str/Int -1)
                  | [potion of mutation]
  6225 | D:6      | Gained mutation: You are partially covered in iridescent
                  | scales. (AC +2) [potion of mutation]
  6376 | D:6      | Found a runed translucent gate.
  6376 | D:6      | Found a runed translucent gate.
  6376 | D:6      | Found a runed translucent gate.
  6381 | D:6      | Noticed Locuples's ghost (novice MiFi)
  6387 | D:6      | Learned a level 4 spell: Iskenderun's Mystic Blast
  6437 | D:6      | Reached skill level 7 in Spellcasting
  6599 | D:6      | Reached skill level 5 in Conjurations
  6599 | D:6      | Reached skill level 1 in Translocations
  6599 | D:6      | Reached skill level 1 in Invocations
  6599 | D:6      | Reached XP level 9. HP: 27/52 MP: 7/19
  6797 | D:6      | Killed Locuples's ghost
  6798 | D:6      | Reached skill level 1 in Fighting
  6992 | D:7      | Reached ** piety under Sif Muna
  7541 | D:7      | Found a basalt altar of Yredelemnul.
  7552 | D:7      | Reached skill level 8 in Spellcasting
  7896 | D:7      | Learned a level 1 spell: Summon Small Mammal
  7903 | D:7      | Learned a level 6 spell: Starburst
  7924 | D:7      | Reached XP level 10. HP: 52/58 MP: 19/22
  8081 | D:7      | Found a hazy altar of Hepliaklqana.
  8599 | D:8      | Reached skill level 1 in Summonings
  8622 | D:8      | Found a viscous altar of Jiyva.
  8860 | D:8      | Found a staircase to the Lair.
  9321 | D:8      | Reached *** piety under Sif Muna
  9509 | D:8      | Identified a scroll of acquirement
  9509 | D:8      | Acquired the ring "Yrablax" {MP+9 Str+4}
  9544 | D:8      | Found Ypniph's Weapon Emporium.
  9750 | D:9      | Noticed a kobold demonologist
  9751 | D:9      | Reached skill level 9 in Spellcasting
  9753 | D:9      | Killed a kobold demonologist
  9757 | D:9      | Reached skill level 5 in Invocations
  9974 | D:9      | Noticed a six-headed hydra
  9979 | D:9      | Killed a six-headed hydra
  9980 | D:9      | Reached skill level 1 in Hexes
  9985 | D:9      | Noticed Maurice
  9994 | D:9      | Killed Maurice
 10154 | D:9      | Reached XP level 11. HP: 63/63 MP: 24/24
 10154 | D:9      | Noticed Harold
 10163 | D:9      | Killed Harold
 10180 | D:9      | Noticed a centaur warrior
 10188 | D:9      | Noticed a centaur warrior
 10189 | D:9      | Killed a centaur warrior
 10189 | D:9      | Noticed a manticore
 10196 | D:9      | Killed a manticore
 10196 | D:9      | Killed a centaur warrior
 10197 | D:9      | Reached skill level 5 in Translocations
 10200 | D:9      | Noticed a cyclops
 10206 | D:9      | Killed a cyclops
 10540 | D:9      | Learned a level 5 spell: Fireball
 10681 | D:9      | Reached skill level 10 in Spellcasting
 10923 | D:9      | Reached **** piety under Sif Muna
 11240 | D:9      | Found a staircase to the Orcish Mines.
 11667 | D:9      | Noticed Joseph
 11695 | D:10     | Entered Level 10 of the Dungeon
 12131 | D:10     | Noticed a wizard
 12136 | D:10     | Killed a wizard
 12803 | Lair:1   | Entered Level 1 of the Lair of Beasts
 13041 | Lair:1   | Reached XP level 12. HP: 68/68 MP: 26/26
 13694 | Lair:1   | Found a one-way gate to the infinite horrors of the Abyss.
 13908 | Lair:1   | Found a corrupted altar of Lugonu.
 14023 | Lair:1   | Got Ponarub's Folio of the Pyromaniac and the Barrage
 14986 | Lair:2   | Reached skill level 1 in Evocations
 15400 | Lair:2   | Found a dark tunnel.
 15409 | Volcano  | Entered a volcano
 15418 | Volcano  | Gained mutation: You are dopey. (Int -2) [mutagenic glow]
 15850 | Volcano  | Slain by an earth elemental

Illustrated notes

Levels and vault maps discovered:
D:1:      lemuel_arrival_funnel, layout_basic, minmay_unequal
D:2:      layout_basic, dreamdust_ecumenical_altar_statues, minivault_24,
          minmay_indecisive_spiral
D:3:      layout_rooms, mainiacjoe_overflow_alcove_2
D:4:      layout_rooms
D:5:      layout_basic, minmay_temple_entry_slanted, gup_sewer_entry_bubbles
D:6:      layout_rooms, grunt_temple_overflow_open, gammafunk_ghost_necromancy,
          serial_shops, nicolae_shop_bloodbath_and_beyond, st_stairs_9
D:7:      layout_basic, lemuel_mausoleum_altar_yredelemnul,
          mainiacjoe_overflow_concentric_impassable, chequers_garden,
          grunt_ministairs_13, lightli_minifort
D:8:      layout_gridville, lair_entry_dummy, serial_shops, shop,
          serial_bayou_pond_d, hangedman_decor_points, jiyva_altar_1
D:9:      nzn_winding_woodlands_cross
          [nzn_winding_woodlands_5x15_river_crossing,
          nzn_winding_woodlands_5x15_crooked, nzn_winding_woodlands_5x15_eye,
          nzn_winding_woodlands_5x15_jagged,
          nzn_winding_woodlands_15x15_thick_spiral], layout_layer_cave,
          uniq_joseph, uniq_harold, uniq_maurice
D:10:     layout_irregular_city, minmay_librarian
Temple:   hellmonk_temple_divided_pantheon
Lair:1:   layout_chaotic_city, columned_hall_lemuel, minmay_lair_oklob_bushes,
          minivault_19, amcnicky_altar_lugonu_corruption,
          infiniplex_staircase_pool
Lair:2:   layout_long_grid, enter_volcano_2, grunt_megastairs_2,
          infiniplex_staircase_pool_2, lemuel_fruit_fields
Volcano:  volcano_aerie

Skill      XL: |  1  2  3  4  5  6  7  8  9 10 11 12 |
---------------+-------------------------------------+-----
Conjurations   | 2 3 4 5 6 8 9 |  9.0
Stealth        | 3 4 |  4.4
Spellcasting   | 3 4 5 7 8 9 10 | 10.6
Fire Magic     | 4 5 7 9 |  9.9
Axes           | 1 |  1.0
Translocations | 1 3 4 5 |  5.3
Invocations    | 1 3 5 7 |  7.8
Fighting       | 1 2 |  2.0
Summonings     | 2 3 |  3.2
Hexes          | 1 2 |  2.2
Evocations     | 1 |  1.1
Short Blades   | |  0.5
Dodging        | |  2.7

Action                   |  1- 3 |  4- 6 |  7- 9 | 10-12 || total
-------------------------+-------+-------+-------+-------++-------
Melee: Tentacles         |     4 |     4 |     5 |     5 ||    18
       Constrict         |     3 |     7 |     4 |     4 ||    18
       Unarmed           |     3 |       |       |       ||     3
       Dagger            |    15 |     3 |    10 |    16 ||    44
       Hand axe          |       |    13 |     3 |       ||    16
       Staff             |       |       |       |     6 ||     6
       Punch             |       |       |       |     1 ||     1
 Cast: Foxfire           |    62 |   137 |   101 |   403 ||   703
       Scorch            |       |     5 |    37 |    60 ||   102
       Flame Wave        |       |       |     8 |     9 ||    17
       Inner Flame       |       |       |     9 |    20 ||    29
       Conjure Flame     |       |       |     4 |     7 ||    11
       Summon Small Mamm |       |       |       |     3 ||     3
       Fireball          |       |       |       |     3 ||     3
       Iskenderun's Myst |       |       |       |    34 ||    34
Invok: Channel Magic     |       |       |       |     4 ||     4
Evoke: Wand              |       |       |       |    12 ||    12
       Box of beasts     |       |       |       |     1 ||     1
  Use: Potion            |       |     1 |     9 |     6 ||    16
       Scroll            |       |       |     4 |    17 ||    21
 Stab: Sleeping          |     6 |       |     1 |     4 ||    11
Armor: Skin              |       |       |     2 |     9 ||    11
Dodge: Dodged            |    11 |    19 |    39 |    41 ||   110

Table legend: (Time is in decaauts)
 A = Elapsed time spent in this place.
 B = Non-inter-level travel time spent in this place.
 C = Inter-level travel time spent in this place.
 D = Time resting spent in this place.
 E = Time spent auto-exploring this place.
 F = Levels seen in this place.
 G = Mean time per level.
                   A        B        C        D        E       F      G
               +--------+--------+--------+--------+--------+-----+--------+
         Total |  15821 |  15605 |    216 |    926 |  10971 |  15 | 1054.7 |
       Dungeon |  12056 |  11841 |    215 |    405 |   8678 |  10 | 1205.6 |
        Temple |     30 |     30 |      0 |      0 |      0 |   1 |   30.0 |
          Lair |   2605 |   2605 |      0 |    173 |   1783 |   2 | 1302.5 |
         Sewer |    688 |    688 |      0 |      0 |    510 |   1 |  688.0 |
       Volcano |    441 |    441 |      0 |    348 |      0 |   1 |  441.0 |
               +--------+--------+--------+--------+--------+-----+--------+

Top non-repeatable levels by time:
  Lair:1: 2158 daAuts
     D:9: 1980 daAuts
     D:7: 1782 daAuts
     D:5: 1464 daAuts
     D:8: 1399 daAuts
     D:1: 1243 daAuts
    D:10: 1057 daAuts
     D:6: 901 daAuts
     D:3: 829 daAuts
     D:4: 773 daAuts
   Sewer: 688 daAuts
     D:2: 624 daAuts
  Lair:2: 446 daAuts
 Volcano: 441 daAuts
  Temple: 30 daAuts
